 Dungeon Crawl Stone Soup version 0.28.0-43-g3370ac3207 (webtiles) character file.

Game seed: 5729928016114360862

161 Ablot the Grasshopper (level 5, -5/43 HPs)
             Began as a Gnoll Warper on Mar 16, 2022.
             Slain by an ice beast (9 damage)
             ... on level 3 of the Dungeon.
             The game lasted 00:03:28 (3149 turns).

Ablot the Grasshopper (Gnoll Warper)                Turns: 3149, Time: 00:03:29

Health: -5/43      AC:  3    Str: 12    XL:     5   Next: 42%
Magic:  10/12      EV: 14    Int: 13    God:
Gold:   136        SH:  0    Dex: 17    Spells: 12/14 levels left

rFire   . . .      SeeInvis .   i - +0 dagger (venom)
rCold   . . .      Faith    .   (no shield)
rNeg    . . .      Spirit   .   b - +0 leather armour
rPois   .          Reflect  .   (no helmet)
rElec   .          Harm     .   (no cloak)
rCorr   .          Rampage  .   (no gloves)
Will    .....                   (no boots)
Stlth   ++........              (no amulet)
HPRegen 0.14/turn               k - +6 ring of dexterity
MPRegen 0.13/turn               (no ring)

@: on blink cooldown
A: fangs 1, strong nose, distributed training
a: no special abilities


You were on level 3 of the Dungeon.
You visited 1 branch of the dungeon, and saw 3 of its levels.

You collected 136 gold pieces.

Inventory:

Hand Weapons
 a - a +0 spear
 i - a +0 dagger of venom (weapon)
Missiles
 d - 5 boomerangs of dispersal (quivered)
 e - 7 arrows
 g - 111 stones
 r - 20 bolts
 s - 12 sling bullets
 t - 5 silver boomerangs
 u - 3 poisoned darts
Armour
 b - a +0 leather armour (worn)
Jewellery
 k - a +6 ring of dexterity (left hand)
Scrolls
 c - a scroll of blinking
 l - a scroll of enchant armour {unknown}
 m - a scroll of vulnerability {unknown}
 n - 2 scrolls of amnesia {unknown}
 p - 3 scrolls of identify {unknown}
Potions
 f - 2 potions of attraction {unknown}
 h - 4 potions of heal wounds {unknown}
 j - 2 potions of cancellation {unknown}
 o - a potion of might {unknown}
 q - a potion of curing {unknown}


   Skills:
 + Level 4.8 Fighting
 + Level 1.4 Short Blades
 + Level 1.4 Long Blades
 + Level 1.4 Axes
 + Level 1.4 Maces & Flails
 + Level 4.8 Polearms
 + Level 1.4 Staves
 + Level 1.4 Slings
 + Level 1.4 Bows
 + Level 1.4 Crossbows
 + Level 3.0 Throwing
 + Level 3.0 Armour
 + Level 4.8 Dodging
 + Level 1.4 Stealth
 + Level 1.4 Shields
 + Level 1.4 Unarmed Combat
 + Level 5.2 Spellcasting
 + Level 1.1 Conjurations
 + Level 1.1 Hexes
 + Level 1.1 Summonings
 + Level 1.1 Necromancy
 + Level 5.5 Translocations
 + Level 1.1 Transmutations
 + Level 1.1 Fire Magic
 + Level 1.1 Ice Magic
 + Level 1.1 Air Magic
 + Level 1.1 Earth Magic
 + Level 1.1 Poison Magic
 + Level 1.6 Invocations
 + Level 1.4 Evocations


You had 12 spell levels left.
You knew the following spells:

 Your Spells              Type           Power      Damage    Failure   Level
a - Blink                 Tloc           34%        N/A       3%          2

Your spell library contained the following spells:

 Spells                   Type           Power      Damage    Failure   Level
 Gell's Gravitas          Tloc           17%        N/A       7%          3
 Lesser Beckoning         Tloc           17%        N/A       7%          3
 Teleport Other           Tloc           17%        N/A       7%          3
 Manifold Assault         Tloc           17%        N/A       54%         5


Dungeon Overview and Level Annotations

Branches:
Dungeon (3/15)

Altars:

Shops:
D:3 (


Innate Abilities, Weirdness & Mutations

You have very sharp teeth.
Your uncanny sense of smell can sniff out nearby items.
Your experience applies equally to all skills.


Message History

You hit the ice beast but do no damage.
The ice beast looks as sick as possible!
Your bite misses the ice beast.
The ice beast is lightly wounded.
The ice beast closely misses you.
You see here a scroll labelled AGADEITOKU.
The ice beast hits you. The ice beast freezes you.
You hit the ice beast.
The ice beast is severely wounded.
You hit the ice beast but do no damage.
The ice beast is severely wounded.
The ice beast misses you.
You barely miss the ice beast. Your bite misses the ice beast.
The ice beast is severely wounded.
The ice beast hits you but does no damage.
You completely miss the ice beast.
You bite the ice beast, but do no damage.
The ice beast is severely wounded.
The ice beast misses you.
You hit the ice beast but do no damage.
The ice beast is severely wounded.
The ice beast closely misses you.
You closely miss the ice beast.
The ice beast is severely wounded.
The ice beast hits you. The ice beast freezes you!
You hit the ice beast but do no damage.
The ice beast is severely wounded.
The ice beast hits you.
* * * LOW HITPOINT WARNING * * *
The ice beast freezes you.
* * * LOW HITPOINT WARNING * * *
Casting: Blink (safe; 3% risk of failure)
Confirm with . or Enter, or press ? or * to list all spells.
You blink.
You closely miss the ice beast.
The ice beast is almost dead.
The ice beast hits you.
* * * LOW HITPOINT WARNING * * *
The ice beast freezes you!
You die...

# #.
#.###############
#>..............#
#.............#
..#...?#####.#
#....#####+##
###...@.....#
#...Y.....#
#.........#
#.........#
#.........# #
########.## .# ##
#.# .## #.
#######.####..#####.
....................


You could see an ice beast (poisoned).

Vanquished Creatures
  An orc wizard (D:3)
  4 gnolls
  3 adders (D:2)
  A worm (D:2)
  4 orcs (D:3)
  4 ball pythons
  8 endoplasms
  A giant cockroach (D:1)
  8 goblins
  5 hobgoblins
  3 jackals (D:2)
  3 quokkas (D:2)
  2 bats (D:3)
  5 frilled lizards
  5 kobolds
  6 rats
63 creatures vanquished.

Notes
Turn   | Place    | Note
-------+----------+-------------------------------------------
     0 | D:1      | Ablot the Gnoll Warper began the quest for the Orb.
     0 | D:1      | Reached XP level 1. HP: 20/20 MP: 6/6
   280 | D:1      | Reached XP level 2. HP: 12/26 MP: 7/7
   616 | D:1      | Reached XP level 3. HP: 31/31 MP: 9/9
   627 | D:1      | Reached skill level 5 in Spellcasting
   630 | D:1      | Learned a level 2 spell: Blink
  1063 | D:1      | Found a faded altar of an unknown god.
  1099 | D:1      | Found a faded altar of an unknown god.
  1218 | D:2      | Reached skill level 1 in Invocations
  1231 | D:2      | Reached skill level 1 in Short Blades
  1231 | D:2      | Reached skill level 1 in Long Blades
  1231 | D:2      | Reached skill level 1 in Axes
  1231 | D:2      | Reached skill level 1 in Maces & Flails
  1231 | D:2      | Reached skill level 1 in Staves
  1231 | D:2      | Reached skill level 1 in Slings
  1231 | D:2      | Reached skill level 1 in Bows
  1231 | D:2      | Reached skill level 1 in Crossbows
  1231 | D:2      | Reached skill level 1 in Stealth
  1231 | D:2      | Reached skill level 1 in Shields
  1231 | D:2      | Reached skill level 1 in Unarmed Combat
  1231 | D:2      | Reached skill level 1 in Evocations
  1236 | D:2      | Reached XP level 4. HP: 27/38 MP: 11/11
  1700 | D:2      | Reached skill level 1 in Conjurations
  1700 | D:2      | Reached skill level 1 in Hexes
  1700 | D:2      | Reached skill level 1 in Summonings
  1700 | D:2      | Reached skill level 1 in Necromancy
  1700 | D:2      | Reached skill level 1 in Transmutations
  1700 | D:2      | Reached skill level 1 in Fire Magic
  1700 | D:2      | Reached skill level 1 in Ice Magic
  1700 | D:2      | Reached skill level 1 in Air Magic
  1700 | D:2      | Reached skill level 1 in Earth Magic
  1700 | D:2      | Reached skill level 1 in Poison Magic
  2174 | D:2      | Reached XP level 5. HP: 31/43 MP: 12/12
  3047 | D:3      | Found Fasum's Weapon Shop.
  3125 | D:3      | Noticed an ice beast
  3149 | D:3      | Slain by an ice beast

Illustrated notes

Levels and vault maps discovered:
D:1:      dpeg_arrival_simpleton_b, layout_rooms,
          hellmonk_ecumenical_altar_the_god_not_taken, minmay_shallow_snake_nest
D:2:      layout_basic
D:3:      layout_basic, serial_shops, shop, chequers_serial_rivers_large_b

Skill      XL: |  1  2  3  4  5 |
---------------+----------------+-----
Spellcasting   | 5 |  5.2
Invocations    | 1 |  1.6
Short Blades   | 1 |  1.4
Long Blades    | 1 |  1.4
Axes           | 1 |  1.4
Maces & Flails | 1 |  1.4
Staves         | 1 |  1.4
Slings         | 1 |  1.4
Bows           | 1 |  1.4
Crossbows      | 1 |  1.4
Stealth        | 1 |  1.4
Shields        | 1 |  1.4
Unarmed Combat | 1 |  1.4
Evocations     | 1 |  1.4
Conjurations   | 1 |  1.1
Hexes          | 1 |  1.1
Summonings     | 1 |  1.1
Necromancy     | 1 |  1.1
Transmutations | 1 |  1.1
Fire Magic     | 1 |  1.1
Ice Magic      | 1 |  1.1
Air Magic      | 1 |  1.1
Earth Magic    | 1 |  1.1
Poison Magic   | 1 |  1.1
Throwing       | 3 |  3.0
Armour         | 3 |  3.0
Fighting       | |  4.8
Polearms       | |  4.8
Dodging        | |  4.8
Translocations | |  5.5

Action                   |  1- 3 |  4- 6 || total
-------------------------+-------+-------++-------
Melee: Spear             |    75 |       ||    75
       Bite              |    11 |    21 ||    32
       Dagger            |    21 |   124 ||   145
       Punch             |     1 |     2 ||     3
 Cast: Blink             |       |     1 ||     1
 Stab: Sleeping          |       |     3 ||     3
       Distracted        |       |     1 ||     1
Armor: Leather armour    |    11 |    14 ||    25
Dodge: Dodged            |    50 |    78 ||   128
